TOP OF THE 1ST |
Biloxi Shuckers batting - Pitching for San Jose Giants : RHP Dan Giles
|
Pitching: RHP Dan Giles
|
|
Batting: RHB Hector Silva
|
0-0: Foul Ball, location: 2F 0-1: Fly out, F8 (Flyball, 8RXD, EV 103.1 MPH)
|
Batting: LHB Adam Hill
|
0-0: Ground out 6-3 (Groundball, 6, EV 91.9 MPH)
|
Batting: SHB Orlando Torres
|
0-0: Ball 1-0: Fly out, F8 (Flyball, 8LS, EV 96.2 MPH)
|
Top of the 1st over - 0 runs, 0 hits, 0 errors, 0 left on base; Biloxi 0 - San Jose 0 |
BOTTOM OF THE 1ST |
San Jose Giants batting - Pitching for Biloxi Shuckers : RHP Aaron Saenz
|
Pitching: RHP Aaron Saenz
|
|
Batting: RHB Edwin Verdugo
|
0-0: Ball 1-0: Foul Ball, location: 2F 1-1: Ball 2-1: Fly out, F8 (Line Drive, 8RM, EV 96.9 MPH)
|
Batting: RHB Frank Pena
|
0-0: Ball 1-0: Ground out 5-3 (Groundball, 5, EV 98.1 MPH)
|
Batting: LHB Mike Roberts
|
0-0: Swinging Strike 0-1: Swinging Strike 0-2: Ball 1-2: Strikes out swinging
|
Bottom of the 1st over - 0 runs, 0 hits, 0 errors, 0 left on base; Biloxi 0 - San Jose 0 |
TOP OF THE 2ND |
Biloxi Shuckers batting - Pitching for San Jose Giants : RHP Dan Giles
|
Batting: RHB Eddie McCoy
|
0-0: Called Strike 0-1: Foul Ball, location: 2F 0-2: Ball 1-2: Foul Ball, location: 2F 1-2: Foul Ball, location: 2F 1-2: Ball 2-2: SINGLE (Groundball, 56D, EV 96.9 MPH)
|
Batting: RHB Steve Byerly
|
0-0: Ball 1-0: Ball 2-0: Swinging Strike 2-1: Swinging Strike 2-2: Strikes out swinging
|
Batting: RHB Vinny Estrada
|
0-0: Called Strike 0-1: Called Strike 0-2: Ball 1-2: Grounds into double play, 4-6-3 (Groundball, 4, EV 81.9 MPH)
|
Top of the 2nd over - 0 runs, 1 hit, 0 errors, 0 left on base; Biloxi 0 - San Jose 0 |
BOTTOM OF THE 2ND |
San Jose Giants batting - Pitching for Biloxi Shuckers : RHP Aaron Saenz
|
Batting: LHB Steve Nevis
|
0-0: Called Strike 0-1: Ball 1-1: Swinging Strike 1-2: DOUBLE (Flyball, 8RXD, EV 96.2 MPH) - OUT at third base trying to stretch hit.
|
Batting: RHB Coen Dirks
|
0-0: SINGLE (Flyball, 34D, EV 90.0 MPH)
|
Batting: RHB Josh Truell
|
0-0: Ball 1-0: Ball 2-0: Called Strike 2-1: Called Strike 2-2: Strikes out looking
|
Batting: RHB Ryan Bentz
|
0-0: Called Strike Pickoff Throw to First - Out! 1-3 CS
|
Bottom of the 2nd over - 0 runs, 2 hits, 0 errors, 0 left on base; Biloxi 0 - San Jose 0 |
TOP OF THE 3RD |
Biloxi Shuckers batting - Pitching for San Jose Giants : RHP Dan Giles
|
Batting: SHB Mike Williams
|
0-0: Ball 1-0: Ball 2-0: Called Strike 2-1: Swinging Strike 2-2: Foul Ball, location: 2F 2-2: Ball 3-2: Foul Ball, location: 2F 3-2: Base on Balls
|
Batting: RHB Brian Landrum
|
0-0: Called Strike 0-1: Swinging Strike 0-2: Ball 1-2: Foul Ball, location: 2F 1-2: Fly out, F8 (Line Drive, 8RM, EV 86.2 MPH)
|
Batting: RHB Leo Serrano
|
0-0: Called Strike 0-1: Foul Ball, location: 2F 0-2: Ground out 4-3 (Groundball, 34, EV 79.4 MPH) Mike Williams to second
|
Batting: RHB Hector Silva
|
0-0: Ball 1-0: Foul Ball, location: 2F 1-1: Fly out, F9 (Flyball, 89S, EV 89.4 MPH)
|
Top of the 3rd over - 0 runs, 0 hits, 0 errors, 1 left on base; Biloxi 0 - San Jose 0 |
BOTTOM OF THE 3RD |
San Jose Giants batting - Pitching for Biloxi Shuckers : RHP Aaron Saenz
|
Batting: RHB Ryan Bentz
|
0-0: Ball 1-0: Foul Ball, location: 2F 1-1: Swinging Strike 1-2: Ball 2-2: Ground out 5-3 (Groundball, 6S, EV 63.1 MPH)
|
Batting: RHB Teruhide Horiuchi
|
0-0: Ball 1-0: Ball 2-0: Foul Ball, location: 2F 2-1: Ground out 4-3 (Groundball, 4, EV 90.0 MPH)
|
Batting: RHB Ed Broomhead
|
0-0: DOUBLE (Groundball, 3L, EV 106.9 MPH)
|
Batting: RHB Edwin Verdugo
|
0-0: Ball 1-0: Fly out, F8 (Line Drive, 89M, EV 91.2 MPH)
|
Bottom of the 3rd over - 0 runs, 1 hit, 0 errors, 1 left on base; Biloxi 0 - San Jose 0 |
TOP OF THE 4TH |
Biloxi Shuckers batting - Pitching for San Jose Giants : RHP Dan Giles
|
Batting: LHB Adam Hill
|
0-0: SINGLE (Line Drive, 8RS, EV 97.5 MPH)
|
Batting: SHB Orlando Torres
|
0-0: Called Strike 0-1: Reached on error, E6 (Groundball, 6, EV 97.5 MPH) Adam Hill to second
|
Batting: RHB Eddie McCoy
|
0-0: Ball 1-0: Foul Ball, location: 2F 1-1: Foul Ball, location: 2F 1-2: Ball 2-2: Ball 3-2: Foul Ball, location: 2F 3-2: Base on Balls Adam Hill to third Orlando Torres to second
|
Batting: RHB Steve Byerly
|
0-0: Foul Ball, location: 2F 0-1: Ball 1-1: Ball 2-1: Grounds into double play, 6-4-3 (Groundball, 6, EV 93.8 MPH) Adam Hill scores Orlando Torres to third
|
Batting: RHB Vinny Estrada
|
0-0: Called Strike 0-1: Called Strike 0-2: Ball 1-2: Foul Ball, location: 2F 1-2: Ball 2-2: Ball 3-2: Foul Ball, location: 2F 3-2: Fly out, F5 (Popup, 5SF, EV 80.0 MPH)
|
Top of the 4th over - 1 run, 1 hit, 1 error, 1 left on base; Biloxi 1 - San Jose 0 |
BOTTOM OF THE 4TH |
San Jose Giants batting - Pitching for Biloxi Shuckers : RHP Aaron Saenz
|
Batting: RHB Frank Pena
|
0-0: SOLO HOME RUN (Flyball, 7D, EV 95.6 MPH), Distance : 366 ft
|
Batting: LHB Mike Roberts
|
0-0: Fly out, F8 (Flyball, 8LM, EV 96.2 MPH)
|
Batting: LHB Steve Nevis
|
0-0: Foul Ball, location: 2F 0-1: Ball 1-1: Ball 2-1: Ground out 4-3 (Groundball, 4, EV 78.8 MPH)
|
Batting: RHB Coen Dirks
|
0-0: Ball 1-0: Ball 2-0: Swinging Strike 2-1: Fly out, F6 (Popup, 4MS, EV 66.9 MPH)
|
Bottom of the 4th over - 1 run, 1 hit, 0 errors, 0 left on base; Biloxi 1 - San Jose 1 |
TOP OF THE 5TH |
Biloxi Shuckers batting - Pitching for San Jose Giants : RHP Dan Giles
|
Batting: SHB Mike Williams
|
0-0: Ball 1-0: Ball 2-0: Ball 3-0: Base on Balls
|
Batting: RHB Brian Landrum
|
0-0: Ball Mike Williams is caught stealing 2nd base 2-4 1-0: Ball 2-0: SINGLE (Groundball, 56D, EV 103.8 MPH)
|
Batting: RHB Leo Serrano
|
0-0: Ball Brian Landrum steals 2nd base 1-0: Ground out 1-3 (Groundball, 23, EV 73.1 MPH) Brian Landrum to third
|
Batting: RHB Hector Silva
|
0-0: Foul Ball, location: 2F 0-1: Ball 1-1: Ball 2-1: Swinging Strike 2-2: Ball 3-2: SINGLE (Flyball, 89S, EV 86.2 MPH) - OUT at second base trying to stretch hit. Brian Landrum scores
|
Top of the 5th over - 1 run, 2 hits, 0 errors, 0 left on base; Biloxi 2 - San Jose 1 |
BOTTOM OF THE 5TH |
San Jose Giants batting - Pitching for Biloxi Shuckers : RHP Aaron Saenz
|
Batting: RHB Josh Truell
|
0-0: Ball 1-0: Ball 2-0: Called Strike 2-1: Foul Ball, location: 2F 2-2: Strikes out swinging
|
Batting: RHB Ryan Bentz
|
0-0: Called Strike 0-1: Foul Ball, location: 2F 0-2: Ball 1-2: Ball 2-2: Foul Ball, location: 2F 2-2: Strikes out looking
|
Batting: RHB Teruhide Horiuchi
|
0-0: Fly out, F7 (Flyball, 7D, EV 87.5 MPH)
|
Bottom of the 5th over - 0 runs, 0 hits, 0 errors, 0 left on base; Biloxi 2 - San Jose 1 |
TOP OF THE 6TH |
Biloxi Shuckers batting - Pitching for San Jose Giants : RHP Dan Giles
|
Batting: LHB Adam Hill
|
0-0: Called Strike 0-1: Ground out 6-3 (Groundball, 6, EV 83.1 MPH)
|
Batting: SHB Orlando Torres
|
0-0: Ball 1-0: Fly out, F9 (Flyball, 9S, EV 91.2 MPH)
|
Batting: RHB Eddie McCoy
|
0-0: SINGLE (Flyball, 8LM, EV 91.2 MPH)
|
Batting: RHB Steve Byerly
|
0-0: Ball 1-0: Swinging Strike 1-1: SINGLE (Groundball, 4MD, EV 106.9 MPH) Eddie McCoy to second
|
Batting: RHB Vinny Estrada
|
0-0: Called Strike 0-1: Ball 1-1: SINGLE (Groundball, 56, EV 103.1 MPH) (infield hit) Eddie McCoy to third Steve Byerly to second
|
Batting: SHB Mike Williams
|
0-0: Foul Ball, location: 2F 0-1: Swinging Strike 0-2: Ball 1-2: Reached on error, E6 (Groundball, 6, EV 91.2 MPH) Eddie McCoy scores Steve Byerly to third Vinny Estrada to second
|
Pitching: RHP Jay Kouns
|
|
Batting: RHB Brian Landrum
|
0-0: Ball 1-0: Ball 2-0: Foul Ball, location: 2F 2-1: Ground out 1-3 (Groundball, P, EV 66.2 MPH)
|
Top of the 6th over - 1 run, 3 hits, 1 error, 3 left on base; Biloxi 3 - San Jose 1 |
BOTTOM OF THE 6TH |
San Jose Giants batting - Pitching for Biloxi Shuckers : RHP Aaron Saenz
|
Batting: RHB Ed Broomhead
|
0-0: DOUBLE (Flyball, 8LXD, EV 101.9 MPH)
|
Batting: RHB Edwin Verdugo
|
0-0: Foul Ball, location: 2F 0-1: Foul Ball, location: 2F 0-2: Ball 1-2: Strikes out swinging
|
Batting: RHB Frank Pena
|
0-0: Ball 1-0: Ball 2-0: Ball 3-0: Called Strike 3-1: Foul Ball, location: 2F 3-2: Base on Balls
|
Batting: LHB Mike Roberts
|
0-0: Ball 1-0: Called Strike 1-1: Grounds out, U3 (Groundball, 3L, EV 103.8 MPH) Ed Broomhead to third
|
Batting: LHB Steve Nevis
|
0-0: Foul Ball, location: 2F 0-1: Ball 1-1: Ball 2-1: Ground out 5-3 (Groundball, 56S, EV 68.1 MPH)
|
Bottom of the 6th over - 0 runs, 1 hit, 0 errors, 2 left on base; Biloxi 3 - San Jose 1 |
TOP OF THE 7TH |
Biloxi Shuckers batting - Pitching for San Jose Giants : RHP Jay Kouns
|
Batting: RHB Leo Serrano
|
0-0: SINGLE (Groundball, 56S, EV 94.4 MPH)
|
Batting: RHB Hector Silva
|
0-0: Bunt missed! 0-1: Sac Bunt to 5S - play at first, batter OUT! 5-3 Leo Serrano to second
|
Batting: LHB Adam Hill
|
0-0: Called Strike 0-1: Ball 1-1: Called Strike 1-2: Strikes out swinging
|
Batting: SHB Orlando Torres
|
0-0: Ball 1-0: Ball 2-0: Foul Ball, location: 2F 2-1: Ball 3-1: Foul Ball, location: 2F 3-2: Base on Balls
|
Batting: RHB Eddie McCoy
|
0-0: Foul Ball, location: 2F 0-1: Ball 1-1: Called Strike 1-2: Ball 2-2: Strikes out swinging
|
Top of the 7th over - 0 runs, 1 hit, 0 errors, 2 left on base; Biloxi 3 - San Jose 1 |
BOTTOM OF THE 7TH |
San Jose Giants batting - Pitching for Biloxi Shuckers : RHP Aaron Saenz
|
Now at 3B: Bobby Heagle
|
|
Batting: RHB Coen Dirks
|
0-0: Called Strike 0-1: Fly out, F9 (Flyball, 89S, EV 91.9 MPH)
|
Batting: RHB Josh Truell
|
0-0: Ball 1-0: Swinging Strike 1-1: Foul Ball, location: 2F 1-2: Reached on error, E4 (Groundball, 4, EV 85.6 MPH)
|
Batting: RHB Ryan Bentz
|
0-0: Ball Josh Truell is caught stealing 2nd base 2-4 1-0: Called Strike 1-1: Swinging Strike 1-2: Foul Ball, location: 2F 1-2: Ball 2-2: Strikes out swinging
|
Bottom of the 7th over - 0 runs, 0 hits, 1 error, 0 left on base; Biloxi 3 - San Jose 1 |
TOP OF THE 8TH |
Biloxi Shuckers batting - Pitching for San Jose Giants : RHP Jay Kouns
|
Pitching: RHP Danny MacKinnon
|
|
Batting: RHB Steve Byerly
|
0-0: Ball 1-0: Swinging Strike 1-1: Swinging Strike 1-2: Foul Ball, location: 2F 1-2: Ball 2-2: Strikes out swinging
|
Batting: RHB Vinny Estrada
|
0-0: Ground out 6-3 (Groundball, 6, EV 103.8 MPH)
|
Batting: SHB Mike Williams
|
0-0: Called Strike 0-1: Ball 1-1: Ball 2-1: Fly out, F7 (Flyball, 7D, EV 102.5 MPH)
|
Top of the 8th over - 0 runs, 0 hits, 0 errors, 0 left on base; Biloxi 3 - San Jose 1 |
BOTTOM OF THE 8TH |
San Jose Giants batting - Pitching for Biloxi Shuckers : RHP Aaron Saenz
|
Pitching: LHP Jim McCutcheon
|
|
Batting: RHB Teruhide Horiuchi
|
0-0: Called Strike 0-1: Foul Ball, location: 2F 0-2: Ball 1-2: Ground out 4-3 (Groundball, 4, EV 80.0 MPH)
|
Batting: RHB Ed Broomhead
|
0-0: DOUBLE (Line Drive, 9LM, EV 100.6 MPH)
|
Batting: RHB Edwin Verdugo
|
0-0: Swinging Strike 0-1: Ball 1-1: SINGLE (Groundball, 56D, EV 111.2 MPH) Ed Broomhead to third Runner from 3rd tries for Home, throw by LF and OUT! 7-2 Edwin Verdugo to second
|
Batting: RHB Frank Pena
|
0-0: SINGLE (Groundball, 56S, EV 70.0 MPH) (infield hit) Edwin Verdugo to third
|
Batting: LHB Mike Roberts
|
0-0: Ground out U3 (Groundball, 3, EV 81.2 MPH)
|
Bottom of the 8th over - 0 runs, 3 hits, 0 errors, 2 left on base; Biloxi 3 - San Jose 1 |
TOP OF THE 9TH |
Biloxi Shuckers batting - Pitching for San Jose Giants : RHP Danny MacKinnon
|
Batting: RHB Brian Landrum
|
0-0: Called Strike 0-1: Called Strike 0-2: Foul Ball, location: 2F 0-2: Ball 1-2: Foul Ball, location: 2F 1-2: Foul Ball, location: 2F 1-2: Ball 2-2: Ball 3-2: Foul Ball, location: 2F 3-2: SINGLE (Groundball, 6MD, EV 96.9 MPH)
|
Pitching: RHP Sanya Mikushevich
|
|
Batting: RHB Leo Serrano
|
0-0: Bunted foul 0-1: Bunted foul 0-2: Fly out, F7 (Flyball, 7LM, EV 85.0 MPH)
|
Batting: RHB Hector Silva
|
0-0: Swinging Strike 0-1: Ball 1-1: SINGLE (Line Drive, 4D, EV 97.5 MPH) Brian Landrum to second
|
Batting: LHB Adam Hill
|
0-0: Fly out, F5 (Popup, 5SF, EV 70.6 MPH)
|
Batting: RHB Bobby Heagle
|
0-0: Called Strike 0-1: Ball 1-1: Reached on error, E5 (Groundball, 56, EV 90.6 MPH) Brian Landrum to third Hector Silva to second
|
Batting: RHB Eddie McCoy
|
0-0: Ground out 4-3 (Groundball, 4, EV 80.0 MPH)
|
Top of the 9th over - 0 runs, 2 hits, 1 error, 3 left on base; Biloxi 3 - San Jose 1 |
BOTTOM OF THE 9TH |
San Jose Giants batting - Pitching for Biloxi Shuckers : LHP Jim McCutcheon
|
Pitching: RHP Ernie Schmutz
|
|
Batting: LHB Steve Nevis
|
0-0: Ground out 6-3 (Groundball, 6, EV 102.5 MPH)
|
Batting: RHB Coen Dirks
|
0-0: Fly out, F7 (Flyball, 7S, EV 81.2 MPH)
|
Batting: RHB Josh Truell
|
0-0: Ball 1-0: Foul Ball, location: 2F 1-1: Called Strike 1-2: Strikes out swinging
|
Bottom of the 9th over - 0 runs, 0 hits, 0 errors, 0 left on base; Biloxi 3 - San Jose 1 |
|